[Event "Team 45 45 League T42"]
[Site "Internet Chess Club"]
[Date "2009.08.29"]
[Round "5"]
[White "Fezzik"]
[Black "Constrictor"]
[Result "1-0"]
[WhiteElo "2033"]
[BlackElo "1865"]
[Opening "QGD Slav: Dutch variation, main line"]
[ECO "D19"]
[Time "20:00:31"]
[TimeControl "2700+45"]

1. d4 c6 2. c4 d5 3. Nf3 Nf6 4. Nc3 dxc4 5. a4 Bf5 6. e3 e6 7. Bxc4 Bb4 8. O-O
O-O 9. Qe2 Nbd7 10. e4 Bg6 11. Bd3 h6 12. Rd1 Rc8 13. Bf4 Re8 14. h3 a6 15. Rac1
Qa5 16. Nd2 Qh5 17. Qe1 Qa5 18. Nc4 Qd8 19. Qe2 b5 20. Nd6 Bxd6 21. Bxd6 Qb6 22.
e5 Bxd3 23. Rxd3 Nd5 24. Qg4 Nxc3 25. Rdxc3 bxa4 26. Rg3 g6 27. Qf4 c5 28. Qxh6
cxd4 29. Rxg6+ fxg6 30. Qxg6+ Kh8 31. Re1 Nf8 32. Bxf8 Qc7 33. Re4 Qc1+ 34. Kh2
{Black resigns} 1-0

[Event "Team 45 45 League T42"]
[Site "Internet Chess Club"]
[Date "2009.09.04"]
[Round "5"]
[White "viking99"]
[Black "AronT"]
[Result "1-0"]
[WhiteElo "1849"]
[BlackElo "1978"]
[Opening "French: Winawer, advance, Bogolyubov variation"]
[ECO "C17"]
[Time "20:40:23"]
[TimeControl "2700+45"]

1. e4 e6 2. d4 d5 3. Nc3 Bb4 4. e5 c5 5. Bd2 Ne7 6. Nb5 Bxd2+ 7. Qxd2 O-O 8.
O-O-O Nbc6 9. f4 cxd4 10. Nf3 f6 11. Bd3 Qb6 12. Nbxd4 Nxd4 13. Nxd4 Nc6 14. Nf3
Bd7 15. Qe1 Nb4 16. exf6 Nxd3+ 17. Rxd3 Rxf6 18. Ne5 Bb5 19. Rg3 Qd4 20. Ng4
Qxf4+ 21. Kb1 Rg6 22. Ne5 Rxg3 23. hxg3 Qe4 24. Qxe4 dxe4 25. c4 Ba6 26. Re1 Rf8
27. b4 b6 28. Rxe4 Rf1+ 29. Kb2 Rf2+ 30. Kb3 Rxg2 31. Re3 Rd2 32. a4 h6 33. Nc6
Rd1 34. b5 Bb7 35. Rxe6 Kf7 36. Re7+ {Black resigns} 1-0

[Event "Team 45 45 League T42"]
[Site "Internet Chess Club"]
[Date "2009.08.28"]
[Round "5"]
[White "civilization"]
[Black "Marichan"]
[Result "0-1"]
[WhiteElo "1632"]
[BlackElo "1923"]
[Opening "Pirc: classical system, 5.Be2"]
[ECO "B08"]
[Time "19:01:36"]
[TimeControl "2700+45"]

1. e4 d6 2. d4 Nf6 3. Nc3 g6 4. Nf3 Bg7 5. Be2 O-O 6. O-O Nbd7 7. Re1 e5 8. d5
Nc5 9. Bc4 Ne8 10. Be3 b6 11. Bb5 Bd7 12. Bxc5 bxc5 13. Bxd7 Qxd7 14. Qd3 h6 15.
b3 f5 16. Rac1 f4 17. Qb5 Qxb5 18. Nxb5 a6 19. Nc3 g5 20. Nd2 g4 21. f3 h5 22.
Kf2 Nf6 23. Rg1 Bh6 24. Rcd1 Kh7 25. Nc4 h4 26. Ke2 Rg8 27. Rdf1 Rg7 28. h3 Nh5
29. Re1 gxh3 30. gxh3 Rg3 31. Rxg3 fxg3 32. Ne3 Nf4+ 33. Kf1 Nxh3 34. Nf5 Bd2
{White resigns} 0-1

[Event "Team 45 45 League T42"]
[Site "Internet Chess Club"]
[Date "2009.08.30"]
[Round "5"]
[White "DaveTheRook"]
[Black "Gwyddbwyll"]
[Result "0-1"]
[WhiteElo "1690"]
[BlackElo "1762"]
[Opening "QGD: Ragozin variation"]
[ECO "D38"]
[Time "16:06:27"]
[TimeControl "2700+45"]

1. d4 d5 2. c4 e6 3. Nc3 Nf6 4. Nf3 Bb4 5. Bg5 h6 6. Bh4 c5 7. a3 Bxc3+ 8. bxc3
Qa5 9. Qb3 Ne4 10. Qb5+ Qxb5 11. cxb5 c4 12. Rc1 Bd7 13. a4 a6 14. Ne5 axb5 15.
Nxd7 Nxd7 16. f3 Nd6 17. Bg3 Nf5 18. axb5 Nxg3 19. hxg3 O-O 20. e4 Ra5 21. Rb1
Ra3 22. Kd2 Ra2+ 23. Kc1 Rfa8 24. exd5 exd5 25. Rb2 Nf6 26. g4 R8a3 27. Rxa2
Rxa2 28. g3 Ne8 29. b6 g6 30. Kb1 Rf2 31. Bh3 Rxf3 32. Re1 Kf8 33. Bg2 Rxc3 34.
Bxd5 Nd6 35. Rc1 Rxg3 36. Bxc4 Rxg4 37. Bd5 Rxd4 38. Bh1 Rb4+ 39. Ka2 Rxb6 40.
Rc7 {White resigns} 0-1

[Event "Team 45 45 League T42"]
[Site "Internet Chess Club"]
[Date "2009.08.31"]
[Round "5"]
[White "HumanTornado"]
[Black "vkpanch"]
[Result "1-0"]
[WhiteElo "1927"]
[BlackElo "1691"]
[Opening "Sicilian: Nimzovich-Rossolimo attack (without ...d6)"]
[ECO "B30"]
[Time "21:31:10"]
[TimeControl "2700+45"]

1. e4 c5 2. Nf3 Nc6 3. Bb5 e6 4. O-O Nge7 5. Nc3 g6 6. Re1 Bg7 7. d3 d6 8. e5 d5
9. Bg5 Bd7 10. Qd2 h6 11. Bf6 Nf5 12. Bxd8 Rxd8 13. Bxc6 Bxc6 14. a4 d4 15. Ne4
b6 16. a5 g5 17. h3 Rg8 18. axb6 axb6 19. Ra7 Bh8 20. Nh2 Bxe5 21. Ng4 Bf4 22.
Qe2 Rg6 23. Ngf6+ Kf8 24. Nh5 Bb8 25. Ra6 Bc7 26. Nxc5 Nh4 27. Ne4 f5 28. Nef6
e5 29. Ra7 Bb8 30. Nh7+ Kg8 31. N7f6+ Kf8 32. Rh7 Bxg2 33. Nd7+ Rxd7 34. Rxd7
Bc6 35. Rd8+ Ke7 36. Rxb8 Nf3+ 37. Kg2 Nxe1+ 38. Kf1 Nf3 39. Ng3 f4 40. Ne4 Nh4
41. Qd2 Kd7 42. Qb4 Bxe4 43. dxe4 Kc7 44. Qf8 g4 45. Qd8+ Kc6 46. Rxb6+ Kc5 47.
Qc7+ Rc6 48. Qxc6# {Black checkmated} 1-0

[Event "Team 45 45 League T42"]
[Site "Internet Chess Club"]
[Date "2009.08.29"]
[Round "5"]
[White "natethegreat"]
[Black "BigW"]
[Result "0-1"]
[WhiteElo "1947"]
[BlackElo "1937"]
[Opening "Giuoco Piano"]
[ECO "C54"]
[Time "13:06:19"]
[TimeControl "2700+45"]

1. e4 e5 2. Nf3 Nc6 3. Bc4 Bc5 4. c3 Nf6 5. d4 exd4 6. e5 d5 7. Bb5 Ne4 8. cxd4
Bb6 9. h3 O-O 10. O-O Be6 11. Nc3 a6 12. Ba4 f6 13. exf6 Qxf6 14. Be3 Rad8 15.
Kh2 Ne7 16. Bc2 Bf5 17. Ne5 Ng5 18. Qd2 Ne6 19. Ne2 c6 20. Nf3 Bc7+ 21. Ng3 Bxc2
22. Qxc2 Bf4 23. Kh1 Bxg3 24. fxg3 Nf5 25. Qf2 c5 26. Rad1 c4 27. g4 Nxe3 28.
Qxe3 Rde8 29. g5 Qg6 30. Qd2 Nf4 31. Rde1 b5 32. Kh2 Rxe1 33. Rxe1 Qd3 34. Qxd3
Nxd3 35. Re2 b4 36. Rc2 Re8 37. Kg1 a5 38. b3 c3 39. Kf1 Kf7 40. g4 Kg8 41. Rh2
Nb2 42. Ne1 Re4 43. Nc2 Nd3 44. Rg2 Nc1 45. Ne1 Rxd4 46. Rc2 Rd1 47. Kf2 Nd3+
48. Ke2 Rxe1+ 49. Kxd3 Rd1+ 50. Ke2 Rh1 51. Kd3 Rxh3+ 52. Kd4 Rg3 53. Kxd5 Rxg4
54. Ke6 Rxg5 55. Rf2 h6 {White resigns} 0-1

[Event "Team 45 45 League T42"]
[Site "Internet Chess Club"]
[Date "2009.08.29"]
[Round "5"]
[White "monsterpawn"]
[Black "Caminator"]
[Result "1-0"]
[WhiteElo "1856"]
[BlackElo "1805"]
[Opening "QGD: semi-Slav, Noteboom variation"]
[ECO "D31"]
[Time "13:00:37"]
[TimeControl "2700+45"]

1. d4 d5 2. c4 e6 3. Nc3 c6 4. Nf3 dxc4 5. a4 Bb4 6. e4 b5 7. Bd2 Bb7 8. axb5
Bxc3 9. Bxc3 cxb5 10. d5 Nf6 11. dxe6 Qxd1+ 12. Rxd1 fxe6 13. Bxf6 gxf6 14. Nd4
Ke7 15. Nxb5 Nd7 16. Bxc4 Bxe4 17. f3 Bb7 18. Kf2 Nb6 19. Bxe6 Kxe6 20. Rhe1+
Kf7 21. Nd6+ Kg6 22. Nxb7 Nc4 23. b3 Ne5 24. f4 Ng4+ 25. Kf3 h5 26. h3 Nh6 27.
g4 hxg4+ 28. hxg4 Nf7 29. Re7 Rae8 30. Rxe8 Rxe8 31. Rd7 Nh6 32. Nd6 Rb8 33. f5+
Nxf5 34. Nxf5 Rxb3+ 35. Kf4 Rb4+ 36. Kg3 {Black resigns} 1-0

[Event "Team 45 45 League T42"]
[Site "Internet Chess Club"]
[Date "2009.08.29"]
[Round "5"]
[White "soccerisfun"]
[Black "vaknight"]
[Result "1-0"]
[WhiteElo "1418"]
[BlackElo "1684"]
[Opening "Sicilian"]
[ECO "B56"]
[Time "12:31:26"]
[TimeControl "2700+45"]

1. e4 c5 2. Nf3 Nc6 3. d4 cxd4 4. Nxd4 Nf6 5. Nc3 d6 6. Be3 e5 7. Nb3 Be6 8. f3
Be7 9. Be2 a6 10. Qd2 b5 11. g4 Qc7 12. g5 Nd7 13. O-O-O Nb6 14. h4 Rc8 15. Kb1
Bc4 16. Rdg1 Bxe2 17. Qxe2 Nb4 18. Rg2 Nc4 19. f4 Nxb2 20. Nxb5 axb5 21. Qxb5+
Nc6 22. Kxb2 O-O 23. f5 Rb8 24. Qc4 Rb4 25. Qd3 Rfb8 26. f6 Bf8 27. h5 Nd4 28.
Bxd4 Rxd4 29. Qf3 g6 30. hxg6 fxg6 31. Rh4 d5 32. Rgh2 Qa5 33. f7+ {Black
resigns} 1-0

[Event "Team 45 45 League T42"]
[Site "Internet Chess Club"]
[Date "2009.08.30"]
[Round "5"]
[White "chessateer"]
[Black "mickeys"]
[Result "1-0"]
[WhiteElo "1821"]
[BlackElo "1879"]
[Opening "French: King's Indian attack"]
[ECO "C00"]
[Time "09:00:18"]
[TimeControl "2700+45"]

1. e4 e6 2. d3 d5 3. Nd2 c5 4. Ngf3 Nf6 5. g3 Nc6 6. Bg2 Bd6 7. O-O O-O 8. Re1
dxe4 9. dxe4 e5 10. Nc4 Bc7 11. Bg5 Qe7 12. c3 Bg4 13. Qc2 Qe6 14. Ne3 Bxf3 15.
Bxf3 h6 16. Bxf6 gxf6 17. Bg4 Qe8 18. Nf5 Kh7 19. Qd2 {Black resigns} 1-0

[Event "Team 45 45 League T42"]
[Site "Internet Chess Club"]
[Date "2009.09.05"]
[Round "5"]
[White "KaMi62"]
[Black "parrot9"]
[Result "1/2-1/2"]
[WhiteElo "1858"]
[BlackElo "1788"]
[Opening "Queen's gambit accepted"]
[ECO "D20"]
[Time "10:00:13"]
[TimeControl "2700+45"]

1. d4 d5 2. c4 dxc4 3. Nc3 e6 4. e3 Nf6 5. Nf3 a6 6. Bxc4 b5 7. Bd3 Bb7 8. a4 b4
9. Nb1 Nbd7 10. O-O Be7 11. a5 O-O 12. Nbd2 c5 13. Nc4 Ne4 14. Nfd2 Nxd2 15.
Bxd2 cxd4 16. exd4 Nf6 17. Nb6 Rb8 18. Be3 Nd5 19. Qe2 Nxb6 20. axb6 Qd5 21. f3
Bf6 22. Be4 Qd7 23. Bxb7 {Game drawn by mutual agreement} 1/2-1/2

[Event "Team 45 45 League T42"]
[Site "Internet Chess Club"]
[Date "2009.08.31"]
[Round "5"]
[White "dscvdchk"]
[Black "ElmerHo"]
[Result "0-1"]
[WhiteElo "1630"]
[BlackElo "1493"]
[Opening "QGD Slav: exchange variation"]
[ECO "D13"]
[Time "18:00:27"]
[TimeControl "2700+45"]

1. d4 d5 2. c4 c6 3. cxd5 cxd5 4. Nf3 Nf6 5. Nc3 Nc6 6. e3 e6 7. a3 a6 8. Bd3
Bd6 9. O-O O-O 10. Re1 Re8 11. e4 dxe4 12. Nxe4 Nxe4 13. Bxe4 Bd7 14. Ng5 g6 15.
Be3 Rc8 16. Rc1 Be7 17. Nf3 Bf6 18. b4 b5 19. Qb3 Qe7 20. Rc5 Qd6 21. Rd1 Be7
22. Rdc1 Bf6 23. Qd1 Ne7 24. Qe2 Bc6 25. Bxc6 Rxc6 26. Rxc6 Nxc6 27. Qd2 Rc8 28.
Bf4 Qd8 29. Ne5 Nxe5 30. Rxc8 Qxc8 31. dxe5 Be7 32. h3 Qd8 33. Qxd8+ Bxd8 34.
Bc1 Kf8 35. Kf1 Ke7 36. Bg5+ Kd7 37. Bxd8 Kxd8 38. Ke2 Kd7 39. Kd3 h6 40. Kd4
Kc6 41. f4 g5 42. g3 gxf4 43. gxf4 h5 44. h4 Kb6 45. Ke4 Kc6 46. f5 Kd7 47. f6
Kc6 48. Kf4 Kd5 49. Kg5 Kxe5 {White resigns} 0-1

[Event "Team 45 45 League T42"]
[Site "Internet Chess Club"]
[Date "2009.08.30"]
[Round "5"]
[White "Stryker672"]
[Black "Gregorio"]
[Result "0-1"]
[WhiteElo "1866"]
[BlackElo "2035"]
[Opening "Bishop's opening"]
[ECO "C23"]
[Time "18:11:08"]
[TimeControl "2700+45"]

1. e4 e5 2. Bc4 d6 3. Nf3 Nc6 4. d4 exd4 5. Nxd4 Bd7 6. Nc3 Nf6 7. O-O Be7 8.
Bf4 O-O 9. Re1 Nxd4 10. Qxd4 Nh5 11. Be3 c6 12. Rad1 Be6 13. Be2 Nf6 14. e5 dxe5
15. Qxe5 Qc8 16. h3 Re8 17. Qg3 Bf5 18. Bd3 Bb4 19. Bd4 Rxe1+ 20. Rxe1 Bxd3 21.
Qxd3 Qd8 22. a3 Ba5 23. Rd1 Bc7 24. Qf5 Nd5 25. Nxd5 Qxd5 26. Qxd5 cxd5 27. Kf1
b6 28. Ke2 f6 29. Kd3 Kf7 30. Re1 Rc8 31. c3 Bd6 32. Rc1 Rc4 33. b3 Rc8 34. a4
Re8 35. g3 h5 36. Be3 Ke6 37. c4 dxc4+ 38. Kxc4 a6 39. Rc3 Be5 40. Bd4 b5+ 41.
axb5 axb5+ 42. Kc5 Bxd4+ 43. Kxd4 Kd6 44. Rc5 Re4+ 45. Kxe4 Kxc5 46. Kf5 Kb4 47.
Kg6 Kxb3 48. Kxg7 f5 49. Kg6 Kc4 50. Kxh5 b4 51. g4 fxg4 52. hxg4 b3 53. g5 b2
54. g6 b1=Q 55. Kh6 Qh1+ 56. Kg7 Kd5 57. Kf7 Qf3+ 58. Kg8 Ke6 59. g7 Kf6 60. Kf8
Qa8# {White checkmated} 0-1

[Event "Team 45 45 League T42"]
[Site "Internet Chess Club"]
[Date "2009.08.29"]
[Round "5"]
[White "GabGag"]
[Black "tsia68"]
[Result "1-0"]
[WhiteElo "2024"]
[BlackElo "1907"]
[Opening "Pirc: Austrian attack"]
[ECO "B09"]
[Time "03:04:43"]
[TimeControl "2700+45"]

1. e4 d6 2. d4 Nf6 3. Nc3 g6 4. f4 Bg7 5. Be2 O-O 6. g4 e5 7. g5 Nfd7 8. dxe5
dxe5 9. f5 f6 10. Bc4+ Kh8 11. fxg6 fxg5 12. h4 gxh4 13. Qh5 Nf6 14. Qxh4 Qd4
15. Qxh7+ {Black resigns} 1-0

[Event "Team 45 45 League T42"]
[Site "Internet Chess Club"]
[Date "2009.08.31"]
[Round "5"]
[White "bogolijubov"]
[Black "Matusalen"]
[Result "0-1"]
[WhiteElo "1913"]
[BlackElo "2009"]
[Opening "Caro-Kann: Panov-Botvinnik attack, 5...e6"]
[ECO "B14"]
[Time "19:08:29"]
[TimeControl "2700+45"]

1. e4 c6 2. d4 d5 3. exd5 cxd5 4. c4 Nf6 5. Nc3 e6 6. Nf3 Bb4 7. cxd5 Nxd5 8.
Qc2 Nc6 9. Bd3 h6 10. O-O O-O 11. a3 Be7 12. Qe2 Re8 13. Re1 Bf8 14. Nxd5 Qxd5
15. Be3 Bd7 16. Rad1 Qh5 17. Ne5 Qxe2 18. Bxe2 Nxe5 19. dxe5 Bc6 20. b4 a5 21.
b5 Bd5 22. a4 Bb4 23. Rf1 Rac8 24. Rc1 Kf8 25. b6 Bc6 26. Bc5+ Bxc5 27. Rxc5
Bxa4 28. Rxa5 Bc6 29. Ra7 Red8 30. Rfa1 Ke7 31. Bf3 Rd7 32. Rd1 Bxf3 33. Rxd7+
Kxd7 34. gxf3 Kc6 35. Ra4 Kxb6 36. Rg4 g6 37. Rh4 h5 38. Rf4 Rc7 39. Rd4 Ka5 40.
Rd6 b5 {White resigns} 0-1

[Event "Team 45 45 League T42"]
[Site "Internet Chess Club"]
[Date "2009.08.29"]
[Round "5"]
[White "Pason"]
[Black "SlimeDog2"]
[Result "1-0"]
[WhiteElo "2116"]
[BlackElo "2178"]
[Opening "Grünfeld: Three knights variation"]
[ECO "D90"]
[Time "14:02:22"]
[TimeControl "2700+45"]

1. d4 Nf6 2. Nf3 g6 3. c4 Bg7 4. Nc3 d5 5. cxd5 Nxd5 6. Na4 Nf6 7. Bf4 Nc6 8. e3
Bf5 9. Bb5 O-O 10. Bxc6 bxc6 11. O-O Nd5 12. Bg3 Nb4 13. Nc5 a5 14. Qe2 Bc8 15.
Rfc1 Na6 16. Ne5 Nxc5 17. Rxc5 Bxe5 18. Bxe5 Ra6 19. Rac1 Bb7 20. Qf3 Qd7 21. h4
Rb6 22. R1c2 a4 23. h5 Ba6 24. Rxc6 Bb7 25. Rxc7 Qb5 26. Qh3 Be4 27. Rc8 Bxc2
28. Rxf8+ Kxf8 29. Qc8+ Qe8 30. Bg7+ Kxg7 31. Qxe8 Rxb2 32. h6+ Kxh6 33. Qf8+
Kh5 34. Qxf7 a3 35. Qxh7+ Kg4 36. f3+ Kf5 37. Qxe7 {Black resigns} 1-0

[Event "Team 45 45 League T42"]
[Site "Internet Chess Club"]
[Date "2009.08.30"]
[Round "5"]
[White "Despair"]
[Black "NFK"]
[Result "1-0"]
[WhiteElo "1891"]
[BlackElo "1677"]
[Opening "Benko's opening"]
[ECO "A00"]
[Time "08:59:53"]
[TimeControl "2700+45"]

1. g3 e5 2. Bg2 Nc6 3. b3 d5 4. Bb2 Nf6 5. d3 Bc5 6. e3 O-O 7. Ne2 Bg4 8. h3 Be6
9. d4 exd4 10. exd4 Bd6 11. Nbc3 a6 12. a4 Re8 13. O-O Qd7 14. Kh2 Ne7 15. Ba3
Nf5 16. Bxd6 Qxd6 17. Qd2 Rad8 18. Rae1 Bc8 19. Qf4 Qd7 20. Rg1 Re7 21. Nc1 Rde8
22. Rxe7 Rxe7 23. Nd3 Qc6 24. Qd2 Ne4 25. Nxe4 dxe4 26. c3 Qe8 27. Ne5 f6 28.
Ng4 e3 29. Qd3 exf2 30. Nxf2 Re3 31. Qc4+ Be6 32. Qxc7 Bxb3 33. Bxb7 Re2 34. Rg2
Ne3 35. Bxa6 Nxg2 36. Bxe2 Qxe2 37. Qb8+ {Black resigns} 1-0

[Event "Team 45 45 League T42"]
[Site "Internet Chess Club"]
[Date "2009.08.27"]
[Round "5"]
[White "Egmont"]
[Black "matein7"]
[Result "0-1"]
[WhiteElo "1768"]
[BlackElo "1877"]
[Opening "Scandinavian defense"]
[ECO "B01"]
[Time "12:00:17"]
[TimeControl "2700+45"]

1. e4 d5 2. exd5 Nf6 3. Bb5+ Bd7 4. Bc4 b5 5. Bb3 Bg4 6. f3 Bf5 7. Ne2 Nxd5 8.
Nd4 Bg6 9. Nxb5 e6 10. d4 c6 11. N5c3 Bd6 12. Nxd5 cxd5 13. Nc3 Qh4+ 14. Kf1 O-O
15. Nb5 Qd8 16. Nxd6 Qxd6 17. Be3 Nc6 18. Qd2 a5 19. c3 a4 20. Bc2 Bxc2 21. Qxc2
Na5 22. g3 Nc4 23. Qf2 Qb6 24. Rb1 Rfb8 25. Bf4 Rb7 26. Kg2 Nxb2 27. a3 Ra5 28.
Bc7 Qxc7 29. Rxb2 Rb3 30. Rxb3 axb3 31. Qb2 Qa7 32. Ra1 Qa6 33. Kf2 Qc4 34. f4
Ra8 35. Rb1 Rb8 36. Ra1 Ra8 37. Rb1 Rb8 38. Ra1 g5 39. fxg5 e5 40. dxe5 Qe4 41.
Re1 Qf5+ 42. Kg2 Qxg5 43. Re2 Qg4 44. h3 Qxe2+ 45. Qxe2 b2 {White resigns} 0-1

[Event "Team 45 45 League T42"]
[Site "Internet Chess Club"]
[Date "2009.08.28"]
[Round "5"]
[White "fishhead"]
[Black "BrerRabbit"]
[Result "1-0"]
[WhiteElo "1961"]
[BlackElo "1561"]
[Opening "Sicilian: dragon, Levenfish variation"]
[ECO "B71"]
[Time "19:00:24"]
[TimeControl "2700+45"]

1. e4 d6 2. f4 g6 3. Nf3 Nf6 4. Nc3 c5 5. d4 cxd4 6. Nxd4 Nc6 7. Be3 Bg7 8. Qd2
O-O 9. O-O-O Ng4 10. Bg1 a6 11. h3 Nf6 12. Nxc6 bxc6 13. e5 Nd5 14. Nxd5 cxd5
15. exd6 Qxd6 16. Bd4 Rb8 17. g3 Rd8 18. Bg2 e6 19. Bxg7 Kxg7 20. c4 Bb7 21.
Qd4+ Kg8 22. c5 Qc7 23. b4 Bc6 24. Kd2 Bb5 25. Ra1 Bc4 26. a3 a5 27. Rhb1 axb4
28. axb4 Rb5 29. Rb2 Rdb8 30. Kc3 R8b7 31. Bf1 Bxf1 32. Rxf1 Ra7 33. Rb3 Ra2 34.
Qd3 Qc6 35. Kd4 Qa6 36. Rfb1 f6 37. Ke3 Kf7 38. Qc3 Qc6 39. Ra3 Rxa3 40. Qxa3
Qb7 41. Qc3 Qc6 42. Ra1 Qb7 43. Ra4 Qb8 44. Qa3 g5 45. Ra8 gxf4+ 46. gxf4 d4+
47. Kf3 Qb7+ 48. Kg3 Qe4 49. Ra7+ Kg6 50. Rd7 Qe3+ 51. Qxe3 dxe3 52. Rd4 f5 53.
Kf3 Kf7 54. Kxe3 Ke7 55. Kd3 Rb8 56. Kc4 Kf6 57. c6 e5 58. Rd6+ Ke7 59. fxe5 Rc8
60. Kc5 f4 61. Rd3 Ke6 62. b5 Kxe5 63. b6 Ke4 64. Rd1 f3 65. b7 Rf8 66. c7 Ke3
67. c8=Q Rxc8+ 68. bxc8=Q Ke2 69. Qd7 f2 70. Qd3# {Black checkmated} 1-0

[Event "Team 45 45 League T42"]
[Site "Internet Chess Club"]
[Date "2009.08.28"]
[Round "5"]
[White "A-Proudian"]
[Black "jorobo"]
[Result "1-0"]
[WhiteElo "1931"]
[BlackElo "2190"]
[Opening "Ruy Lopez: exchange, Gligoric variation"]
[ECO "C69"]
[Time "19:00:10"]
[TimeControl "2700+45"]

1. e4 e5 2. Nf3 Nc6 3. Bb5 a6 4. Bxc6 dxc6 5. O-O f6 6. d4 exd4 7. Nxd4 Bd6 8.
Nc3 Bd7 9. Qf3 Ne7 10. Bf4 O-O 11. Rad1 Qc8 12. h3 Ng6 13. Bxd6 cxd6 14. Nf5 Ne5
15. Ne7+ Kf7 16. Nxc8 Nxf3+ 17. gxf3 Raxc8 18. Rxd6 Bxh3 19. Rfd1 Ke7 20. f4
Rcd8 21. e5 Bf5 22. R1d2 Rxd6 23. exd6+ Kd8 24. Na4 Rf7 25. Nb6 g5 26. Kg2 h5
27. fxg5 fxg5 28. f3 g4 29. fxg4 Bxg4 30. Kg3 Rf3+ 31. Kh4 Rf5 32. c4 a5 33. a3
Ke8 34. b4 Rf4 35. Kg5 Rf5+ 36. Kg6 Re5 37. Rd4 Re3 38. bxa5 Re5 39. Kf6 Rf5+
40. Kg6 Re5 41. a4 Kd8 42. Rf4 Re6+ 43. Kg5 Rxd6 44. Rf8+ Kc7 45. Na8+ Kd7 46.
Rb8 Re6 47. Rxb7+ Kc8 48. a6 Re5+ 49. Kf6 Re6+ 50. Kf7 c5 51. Nb6+ Rxb6 52. Rxb6
h4 53. a7 Bf3 54. Rb8+ Kc7 55. a8=Q Bxa8 56. Rxa8 h3 57. Rh8 {Black resigns} 1-0

[Event "Team 45 45 League T42"]
[Site "Internet Chess Club"]
[Date "2009.08.26"]
[Round "5"]
[White "gaibo4ever"]
[Black "Thenazgul"]
[Result "1/2-1/2"]
[WhiteElo "2028"]
[BlackElo "2148"]
[Opening "Sicilian: Hungarian variation"]
[ECO "B27"]
[Time "17:02:06"]
[TimeControl "2700+45"]

1. e4 c5 2. Nf3 g6 3. d4 cxd4 4. Qxd4 Nf6 5. e5 Nc6 6. Qa4 Nd5 7. Qe4 Nc7 8. Nc3
Bg7 9. h4 d5 10. exd6 Qxd6 11. Bc4 Bf5 12. Qe2 Rd8 13. O-O O-O 14. Be3 Qb4 15.
Bb3 Bg4 16. Qc4 Qxc4 17. Bxc4 Nd4 18. Nxd4 Bxd4 19. Bxd4 Rxd4 20. Bd3 Rfd8 21.
Rfe1 Kf8 22. Re4 Ne6 23. Rae1 Bf5 24. Rxd4 Nxd4 25. Ne4 Nc6 26. a3 Ne5 27. Bb5
Rd4 28. f3 a6 29. Bf1 Bxe4 30. Rxe4 Rxe4 31. fxe4 Kg7 32. Be2 Kf6 33. Kf2 Nd7
34. b4 Ke5 35. Ke3 Nf6 36. Bf3 Ne8 37. Be2 Nd6 38. Bd3 f5 39. exf5 Nxf5+ 40.
Bxf5 gxf5 41. c4 f4+ 42. Kd3 Kf5 43. b5 e5 44. bxa6 bxa6 45. c5 e4+ 46. Kd4 e3
47. c6 Ke6 48. Kd3 Kd6 49. g3 fxg3 50. Kxe3 Kxc6 51. Kf3 Kb5 52. Kxg3 Ka4 53.
Kg4 Kxa3 54. Kh5 Kb3 55. Kh6 a5 56. Kxh7 a4 57. h5 a3 58. h6 a2 59. Kg8 a1=Q 60.
h7 Qa8+ 61. Kg7 Qb7+ 62. Kg8 Qc8+ 63. Kg7 Qd7+ 64. Kg8 Qe7 65. h8=Q Qg5+ 66. Kf8
Qd8+ 67. Kg7 Qd4+ 68. Kh7 Qh4+ 69. Kg8 Qxh8+ 70. Kxh8 {Game drawn because
neither player has mating material} 1/2-1/2

[Event "Team 45 45 League T42"]
[Site "Internet Chess Club"]
[Date "2009.08.30"]
[Round "5"]
[White "screamingeagle"]
[Black "TerryMalloy"]
[Result "0-1"]
[WhiteElo "2034"]
[BlackElo "2018"]
[Opening "Giuoco Piano"]
[ECO "C50"]
[Time "20:04:02"]
[TimeControl "2700+45"]

1. e4 e5 2. Nf3 Nc6 3. Bc4 Bc5 4. O-O Nf6 5. d3 d6 6. h3 O-O 7. c3 Bb6 8. Bb3
Ne7 9. Bg5 Ng6 10. Nh4 Kh8 11. Nd2 h6 12. Nxg6+ fxg6 13. Be3 Bxe3 14. fxe3 Bd7
15. d4 Qe7 16. Bc2 g5 17. Qe2 g4 18. Kh2 gxh3 19. gxh3 g5 20. Rg1 h5 21. Nf3
Bxh3 22. Rxg5 Ng4+ 23. Kg1 Qh7 24. Rf5 Rg8 25. Ng5 Nh6 26. Kh2 Qg6 27. Rg1 Bg4
28. Nf3 Nxf5 29. exf5 Bxf3 30. Qxf3 Qxg1+ 31. Kh3 Qg4+ {White resigns} 0-1

[Event "Team 45 45 League T42"]
[Site "Internet Chess Club"]
[Date "2009.08.31"]
[Round "5"]
[White "searchforbobby1"]
[Black "chesskilleruk"]
[Result "1/2-1/2"]
[WhiteElo "2191"]
[BlackElo "2255"]
[Opening "Caro-Kann: classical, 6.h4"]
[ECO "B18"]
[Time "21:04:04"]
[TimeControl "2700+45"]

1. e4 c6 2. d4 d5 3. Nc3 dxe4 4. Nxe4 Bf5 5. Ng3 Bg6 6. h4 h6 7. h5 Bh7 8. Nf3
e6 9. Bd3 Bxd3 10. Qxd3 Nf6 11. Bd2 Nbd7 12. O-O-O Be7 13. Ne4 Nxe4 14. Qxe4 Nf6
15. Qd3 Qd5 16. c4 Qe4 17. Qb3 O-O-O 18. Rhe1 Qf5 19. Re5 Qg4 20. Ra5 a6 21. Be3
Qxg2 22. Ne5 Rhf8 23. Rxa6 {Game drawn by mutual agreement} 1/2-1/2

[Event "Team 45 45 League T42"]
[Site "Internet Chess Club"]
[Date "2009.09.01"]
[Round "5"]
[White "Zornorph"]
[Black "spacecadet"]
[Result "0-1"]
[WhiteElo "2083"]
[BlackElo "2205"]
[Opening "Budapest: Fajarowicz variation"]
[ECO "A51"]
[Time "15:06:24"]
[TimeControl "2700+45"]

1. d4 Nf6 2. c4 e5 3. dxe5 Ne4 4. Qd3 Bb4+ 5. Nc3 Nxc3 6. bxc3 Bc5 7. Qg3 Rg8 8.
Bg5 Be7 9. Bf4 Bh4 10. Qd3 g6 11. Nf3 Nc6 12. g3 Be7 13. Bg2 b6 14. O-O Bb7 15.
Rad1 Rh8 16. Nd4 Qc8 17. h4 h6 18. Qe3 Na5 19. Bh3 Nxc4 20. Qc1 g5 21. Nf3 Bc6
22. Be3 Qb7 23. Nd4 O-O-O 24. Nxc6 Qxc6 25. Bg2 Qb5 26. hxg5 hxg5 27. Bxg5 Bxg5
28. Qxg5 Qxe5 29. Qg4 Qh5 30. Qxh5 Rxh5 31. Rd4 Rc5 32. Bh3 Nd6 33. Rd3 f5 34.
Rb1 Re8 35. e3 a5 36. Rbd1 Re4 37. Rd5 Rec4 38. Rxc5 Rxc5 39. Bg2 Rxc3 40. Rd2
b5 41. Bd5 a4 42. Kf1 c6 43. Bg8 Kc7 44. Re2 b4 45. f3 c5 46. g4 fxg4 47. fxg4
Ne4 48. Rg2 Rxe3 49. g5 Rg3 50. g6 Rxg2 51. Kxg2 Nf6 52. Bf7 d5 53. Kf3 b3
{White resigns} 0-1

[Event "Team 45 45 League T42"]
[Site "Internet Chess Club"]
[Date "2009.08.29"]
[Round "5"]
[White "nardz"]
[Black "poni"]
[Result "1-0"]
[WhiteElo "2064"]
[BlackElo "1954"]
[Opening "Old Indian defense"]
[ECO "A42"]
[Time "11:01:28"]
[TimeControl "2700+45"]

1. d4 d6 2. c4 e5 3. Nf3 e4 4. Ng5 f5 5. g3 Be7 6. h4 h6 7. Nh3 Nf6 8. Bg2 c6 9.
Nc3 Be6 10. b3 Na6 11. O-O O-O 12. f3 d5 13. c5 Nc7 14. Rb1 Bf7 15. b4 Nh5 16.
Qe1 Ne6 17. e3 Qc7 18. f4 g5 19. hxg5 hxg5 20. Kf2 gxf4 21. exf4 Nxd4 22. Bb2
Nc2 23. Qd1 Nxb4 24. Kg1 Bxc5+ 25. Kh2 Nf6 26. Na4 Ng4+ 27. Kh1 Be7 28. Nf2
Nxf2+ 29. Rxf2 Nd3 30. Qc2 Nxf2+ 31. Qxf2 Qa5 32. Qd4 {Black resigns} 1-0

[Event "Team 45 45 League T42"]
[Site "Internet Chess Club"]
[Date "2009.08.30"]
[Round "5"]
[White "Boromir"]
[Black "PublisherKing"]
[Result "0-1"]
[WhiteElo "1965"]
[BlackElo "1899"]
[Opening "Réti opening"]
[ECO "A04"]
[Time "12:02:18"]
[TimeControl "2700+45"]

1. Nf3 c6 2. d4 d6 3. c4 Qc7 4. Nc3 Nd7 5. e4 e5 6. Be2 Ngf6 7. O-O Be7 8. b4
O-O 9. a4 exd4 10. Nxd4 d5 11. exd5 Bxb4 12. Qb3 a5 13. dxc6 bxc6 14. Bf3 Bb7
15. Ba3 Qb6 16. Nc2 Rab8 17. Rab1 c5 18. Nb5 Ne4 19. Bxe4 Bxe4 20. f3 Bg6 21.
Rbd1 Qe6 22. Ne3 Nb6 23. Nd5 Nxd5 24. Rxd5 Qe2 25. Bb2 Bc2 26. Qa2 Bd3 27. Qa1
Qe3+ 28. Kh1 Bxf1 29. Qxf1 Rfe8 30. h3 Qe2 31. Qxe2 Rxe2 32. Be5 Re8 33. Bd6 Ra2
34. Bxc5 Rxa4 35. Bd4 f6 36. c5 Bd2 37. g3 Re1+ 38. Kg2 Ra2 {White resigns} 0-1